 Dungeon Crawl Stone Soup version 0.31.0-11-ge490571c62 (webtiles) character file.

Game seed: 15510088174501662142

86 Killerpretzel the Changeling (level 4, -1/29 HPs)
             Began as an Octopode Shapeshifter on Feb 9, 2024.
             Slain by a kobold
             ... wielding a +2 dagger of flaming
              (2 damage)
             ... on level 4 of the Dungeon.
             The game lasted 00:05:03 (2210 turns).

Killerpretzel the Changeling (OpSh)                 Turns: 2210, Time: 00:05:04

Health: -1/29      AC: -7    Str: 19    XL:     4   Next: 50%
Magic:  4/4        EV: 13    Int: 12    God:
Gold:   231        SH:  0    Dex: 13    Spells: 3/3 levels left

rFire   . . .        q - +1 scimitar (elec)
rCold   . . .        (no shield)
rNeg    . . .        (helmet currently unavailable)
rPois   .            f - amulet of faith
rElec   .            d - ring of wizardry
rCorr   .            o - +6 ring of strength
SInv    .            (no ring)
Will    .....        (no ring)
Stlth   ++           (no ring)
HPRegen 0.24/turn    (no ring)
MPRegen 0.09/turn    (no ring)
                     (no ring)

%: faith, wizardry (x1)
@: beast-form, corroded
A: beast (slay +2), almost no armour, amphibious, 8 rings, camouflage 1,
gelatinous body 1, (nimble swimmer 1), tentacles
a: Begin Untransformation


You were on level 4 of the Dungeon.
You were a hulking beast.
You visited 1 branch of the dungeon, and saw 4 of its levels.

You collected 231 gold pieces.

Inventory:

Hand Weapons
 g - a +2 hand axe
 l - a +1 vampiric dagger
 q - a +1 scimitar of electrocution (weapon)
Jewellery
 d - a ring of wizardry (left tentacle)
 f - an amulet of faith (around mantle)
 o - a +6 ring of strength (right tentacle)
Talismans
 b - a beast talisman
 c - a flux talisman
Scrolls
 h - 2 scrolls of identify {unknown}
 j - 3 scrolls of enchant armour {unknown}
Potions
 a - a potion of lignification
 e - 3 potions of brilliance {unknown}
 i - 2 potions of might {unknown}
 k - 3 potions of cancellation {unknown}
 m - a potion of degeneration {unknown}
 n - a potion of berserk rage {unknown}
 p - a potion of attraction {unknown}


   Skills:
 + Level 2.0 Fighting
 + Level 2.7 Dodging
 + Level 3.4 Unarmed Combat
 * Level 3.8 Shapeshifting


You had 3 spell levels left.
You didn't know any spells.
Your spell library contained the following spells:

 Spells                   Type           Power      Damage    Failure   Level
 Slow                     Hex            0%         N/A       13%         1
 Confusing Touch          Hex            0%         N/A       36%         3
 Sigil of Binding         Hex            0%         N/A       36%         3
 Tukima's Dance           Hex            0%         N/A       36%         3
 Vampiric Draining        Necr           0%         2d6       36%         3
 Dimensional Bullseye     Hex/Tloc       0%         N/A       75%         4
 Iskenderun's Mystic Bla  Conj/Tloc      0%         2d3       75%         4


Dungeon Overview and Level Annotations

Branches:
Dungeon (4/15)
 Temple: D:4-7

Altars:
Uskayaw


Innate Abilities, Weirdness & Mutations

You are a hulking beast.
Your limbs bulge with bestial killing power. (Slay +2)
You cannot wear most types of armour.
You are amphibious.
You can wear up to eight rings at the same time.
Your skin changes colour to match your surroundings (Stealth+).
Your rubbery body absorbs attacks. (AC +1, EV +1)
((You are camouflaged when in or above water. (Stealth+)))
You have tentacles for arms and can constrict up to eight enemies at once.


Message History

A giant cockroach is nearby!
You hit the giant cockroach. You grab the giant cockroach.
You tentacle-slap the giant cockroach, but do no damage.
The giant cockroach is severely wounded.
You constrict the giant cockroach, but do no damage.
The giant cockroach misses you. The giant cockroach bites you.
A giant cockroach is nearby!
You barely miss the giant cockroach. You squeeze the giant cockroach.
You kill the giant cockroach!
HP restored.
Things that are here:
a +0 dagger; 3 stones; a kobold corpse A goblin comes into view.
It is wielding a +0 club.
A jelly comes into view.
The goblin shouts!
The jelly quivers.
There are monsters nearby!
You barely miss the goblin. You grab the goblin.
Your squeeze misses the goblin. You constrict the goblin.
You kill the goblin!
A kobold comes into view. It is wielding a +2 dagger of flaming.
Your Fighting skill increases to level 2!
There are monsters nearby!
There are monsters nearby!
The kobold shouts!
The jelly hits you. The acid corrodes you!
You are splashed with acid!
There are monsters nearby!
You slash the jelly!
Your tentacles burn!
The jelly is heavily wounded.
The jelly closely misses you.
There are monsters nearby!
You hit the jelly.
Your tentacles burn!
The jelly is severely wounded.
The kobold barely misses you. The jelly hits you. The acid corrodes you!
You are splashed with acid!
* * * LOW HITPOINT WARNING * * *
The kobold hits you with a +2 dagger of flaming.
* * * LOW HITPOINT WARNING * * *
The kobold burns you.
You die...

# #######.# # .........
# ......<.# #### . #.#.#
..# ... . ......#.#
###.##.##
#.#.#.#.########><......
......K.)##......#..#.#.
#.#.#.Jh........)##...J.
.......?#.#.#.#..# .#.#.
.....#..................
#... #..#.#.#.#..##.#.#.
#.. #...........# ....
.. #..#.#.#.#..# .## .
#...........#
#..#.#.#.#..#
#<.........>#


You could see a jelly and a kobold.

Vanquished Creatures
  3 adders
  2 ribbon worms
  3 orcs (D:3)
  2 ball pythons
  4 bats
  3 endoplasms
  4 giant cockroaches
  7 goblins
  4 hobgoblins
  3 jackals (D:2)
  A quokka (D:1)
  6 frilled lizards
  3 kobolds
  4 rats
49 creatures vanquished.

Notes
Turn   | Place    | Note
-------+----------+-------------------------------------------
     0 | D:1      | Killerpretzel the Octopode Shapeshifter began the quest for
                  | the Orb.
     0 | D:1      | Reached XP level 1. HP: 13/13 MP: 1/1
   300 | D:1      | Reached XP level 2. HP: 18/18 MP: 2/2
   791 | D:2      | Reached XP level 3. HP: 14/23 MP: 3/3
  1418 | D:3      | Reached XP level 4. HP: 21/29 MP: 4/4
  1916 | D:3      | Found a hide-covered altar of Uskayaw.
  2210 | D:4      | HP: 1/29 [kobold/+2 dagger of flaming (5)]
  2210 | D:4      | Slain by a kobold

Illustrated notes

Levels and vault maps discovered:
D:1:      psy_arrival_radial01, layout_rooms
D:2:      layout_basic, minmay_misc_feat_doors, chequers_arboretum
D:3:      layout_loops_cross, eat_drink_and_be_merry_uskayaw
D:4:      layout_rooms, serial_co_window_serial, co_window_corner_a,
          co_window_paths_a, co_window_of_opportunity_a, co_window_cross_1,
          co_window_paths_b, co_window_of_opportunity_a, co_window_corner_a,
          co_window_of_opportunity_b, co_window_broadway_c,
          co_window_unsneaky_path_d, co_window_broadway_b, glass_columns_a,
          glass_columns_c, glass_columns_c, glass_columns_b, glass_columns_b,
          ebering_ghost_rock_garden

Skill      XL: |  1  2  3  4 |
---------------+-------------+-----
Fighting       | 2 |  2.0
Dodging        | |  2.7
Unarmed Combat | |  3.4
Shapeshifting  | |  3.8

Action                     |  1- 3 |  4- 6 || total
---------------------------+-------+-------++-------
  Melee: Hand axe          |    63 |     5 ||    68
         Constrict         |    14 |     9 ||    23
         Tentacles         |    10 |     7 ||    17
         Unarmed           |     3 |       ||     3
         Punch             |     1 |     2 ||     3
         Dagger            |       |    16 ||    16
         Scimitar          |       |     9 ||     9
    Use: Scroll            |     5 |       ||     5
   Stab: Sleeping          |     3 |     2 ||     5
 Armour: Skin              |    29 |    10 ||    39
  Dodge: Dodged            |    55 |    16 ||    71
